AoeStats
← HR nomadplayer

Arabia

507585828Analyzed
4v4 RM · 13d ago on Sep 18, 2026· 22m 2s· 8 players
Game mode
Random Map
Map size
Large (8 player)
Population
200
Speed
Normal
Resources
Standard
Victory
Conquest
Starting age
Dark Age
Ending age
Imperial Age
RankedLock teamsTeams togetherTeam positionsShared explorationLock speedFull tech treeHidden civsTurbo modeCheats
Victory
Defeat
🇨🇱 Portuguese · Chile
1875
+10
🇨🇱 Slavs · Chile
1858
+11
🇨🇱 Tupi · Chile
1844
+11
🇨🇱 Khmer · Chile
1767
+14
🇨🇿 Japanese · Czechia
1784
-13
🇨🇿 Franks · Czechia
1783
-13
🇨🇿 Lithuanians · Czechia
1715
-11
🇨🇿 Tatars · Czechia
1679
-9
pren
6:10 Loom
8:16 Feudal Age
14:38 Fletching
16:29 Padded Archer Armor
Leres
5:46 Loom
8:58 Feudal Age
9:25 Double-Bit Axe
11:10 Horse Collar
16:16 Scale Barding Armor
19:33 Gold Mining
21:51 Castle Age
20:15 Fletching
20:46 Padded Archer Armor
21:52 Bloodlines
Vormit
6:39 Loom
8:48 Feudal Age
10:30 Double-Bit Axe
15:05 Forging
15:31 Scale Barding Armor
15:25 Horse Collar
21:41 Castle Age
20:14 Bloodlines
Leres
6:46 Loom
9:08 Feudal Age
12:54 Fletching
15:29 Double-Bit Axe
19:04 Padded Archer Armor
HR nomadplayer
7:26 Loom
9:43 Feudal Age
10:29 Double-Bit Axe
10:51 Horse Collar
17:13 Scale Barding Armor
18:20 Forging
22:37 Castle Age
21:55 Bloodlines
21:39 Gold Mining
[CL] castiii
5:31 Loom
6:15 Loom
9:16 Feudal Age
9:49 Double-Bit Axe
10:24 Horse Collar
15:06 Scale Barding Armor
16:30 Town Watch
17:29 Forging
19:04 Bloodlines
20:01 Wheelbarrow
24:20 Castle Age
HR AboKeiTo
6:42 Loom
8:54 Feudal Age
10:23 Double-Bit Axe
12:35 Fletching
22:51 Castle Age
22:10 Horse Collar
HR Sobek
6:45 Loom
9:13 Feudal Age
9:55 Double-Bit Axe
10:15 Loom
13:36 Fletching
16:40 Padded Archer Armor
16:56 Town Watch
22:12 Castle Age
21:21 Gold Mining
21:12 Horse Collar
Connection lost

Rejoining the realm…

Still unreachable

The connection could not be restored.

Session expired

The server has moved on; the page needs a fresh start.